 Dungeon Crawl Stone Soup version 0.29-a0-1047-g7c58e119a4 (webtiles) character file.

Game seed: 7764361691882545338

579 nickcage the Spear-Bearer (level 7, -1/50 HPs)
             Began as a Merfolk Gladiator on Aug 16, 2022.
             Slain by an iguana (8 damage)
             ... on level 4 of the Dungeon.
             The game lasted 00:08:12 (3744 turns).

nickcage the Spear-Bearer (Merfolk Gladiator)       Turns: 3744, Time: 00:08:13

Health: -1/50      AC: 12    Str: 16    XL:     7   Next: 36%
Magic:  7/7        EV:  5    Int:  8    God:
Gold:   194        SH:  5    Dex: 15    Spells: 6/6 levels left

rFire   + . .      SeeInvis .   a - +0 trident
rCold   . . .      Faith    .   (no shield)
rNeg    . . .      Spirit   .   k - +0 plate armour
rPois   .          Reflect  +   c - +1 helmet
rElec   .          Harm     .   (no cloak)
rCorr   +          Rampage  .   (no gloves)
Will    .....                   (no boots)
Stlth   ..........              h - amulet of reflection
HPRegen 0.16/turn               i - ring of protection from fire
MPRegen 0.10/turn               n - ring of resist corrosion

@: no status effects
A: (nimble swimmer 2), mertail
a: no special abilities


You were on level 4 of the Dungeon.
You visited 1 branch of the dungeon, and saw 4 of its levels.

You collected 194 gold pieces.

Inventory:

Hand Weapons
 a - a +0 trident (weapon)
Missiles
 d - 3 throwing nets
 f - a javelin
 g - 4 poisoned darts (quivered)
Armour
 b - a +0 leather armour
 c - a +1 helmet (worn)
 k - a +0 plate armour (worn)
Jewellery
 h - an amulet of reflection (around neck)
 i - a ring of protection from fire (left hand)
 n - a ring of resist corrosion (right hand)
 q - a ring of protection from cold
Scrolls
 m - a scroll of poison
 o - a scroll of immolation {unknown}
 p - 2 scrolls of identify {unknown}
Potions
 e - 2 potions of heal wounds {unknown}
 j - 3 potions of curing {unknown}
 l - 2 potions of mutation {unknown}
 r - a potion of attraction {unknown}


   Skills:
 - Level 2.1 Fighting
 + Level 10.6 Polearms
 - Level 2.0 Throwing
 - Level 4.0 Dodging
 - Level 1.1 Shields


You had 6 spell levels left.
You didn't know any spells.
Your spell library contained the following spells:

 Spells                   Type           Power      Damage    Failure   Level
 Static Discharge         Conj/Air       0%         3-3/arc   100%        2
 Dispel Undead            Necr           0%         3d6       100%        4
 Sticky Flame             Conj/Fire      0%         2d3       100%        4


Dungeon Overview and Level Annotations

Branches:
Dungeon (4/15)
 Temple: D:4-7

Altars:
Gozag
Wu Jian


Innate Abilities, Weirdness & Mutations

((You are very nimble when in or above water. (Stealth+, EV+, Speed+++)))
Your lower body shifts to a powerful aquatic tail in water.


Message History

You closely miss something. Your punch misses something.
You completely miss something.
You hear some strange, mumbled words.
You are confused.
You hit something but do no damage. Something hits you but does no damage.
You bump into the rock wall.
You hear some strange, mumbled words.
A magic dart appears from out of thin air!
The magic dart hits you.
* * * LOW HITPOINT WARNING * * *
You bump into the rock wall.
You hear some strange, mumbled words.
A puff of flame appears from out of thin air!
The puff of flame hits you. You resist.
* * * LOW HITPOINT WARNING * * *
You miss something. Something hits you but does no damage.
You miss something. Something hits you but does no damage.
You miss something. You closely miss something.
Something hits you but does no damage.
You bump into the rock wall.
You feel less confused. Something hits you.
* * * LOW HITPOINT WARNING * * *
You puncture something!
Reactivating autopickup.
You feel a bit more experienced.
You barely miss the iguana.
The iguana bites you but does no damage.
You hit the iguana.
The iguana is moderately wounded.
You hit the iguana.
The iguana is severely wounded.
The iguana barely misses you.
You hit the iguana but do no damage.
The iguana is severely wounded.
The iguana barely misses you.
You barely miss the iguana. Your punch misses the iguana.
The iguana is severely wounded.
The iguana bites you!
You die...

###### #.# .########
.# ..... ...
..^...... .. ..!.
#.## .######.#
#.###.##### ... #.#
#.........# #.### #.#
..#.##..#.#.###.#.#
#.#
.......l........#.#
#.#
##?..####.#l###.#.#
#.# #. #.#@#...).#
#.# .<#.....#)#
######.#
####.#.###.###...##.#
...............##.#
###.#.....#.#...##.#
#.####..#.#...##.#
#.# #..#.....##.# #.#
#..###...##.# #...
#...##.#


You could see an iguana.

Vanquished Creatures
  Sigmund (D:4)
  Menkaure (D:4)
  An ogre (D:4)
  An iguana (D:4)
  2 orc wizards (D:4)
  Natasha (D:2)
  2 adders
  2 worms (D:2)
  4 dart slugs
  2 orcs (D:4)
  2 bats
  6 endoplasms
  4 giant cockroaches
  10 goblins
  12 hobgoblins
  7 jackals (D:4)
  4 quokkas
  13 ball pythons
  3 frilled lizards
  7 kobolds
  2 rats (D:2)
87 creatures vanquished.

Notes
Turn   | Place    | Note
-------+----------+-------------------------------------------
     0 | D:1      | nickcage the Merfolk Gladiator began the quest for the Orb.
     0 | D:1      | Reached XP level 1. HP: 16/16 MP: 1/1
    90 | D:1      | Reached XP level 2. HP: 22/22 MP: 2/2
   103 | D:1      | Reached skill level 5 in Polearms
   106 | D:1      | Found a faded altar of an unknown god.
   248 | D:1      | Reached XP level 3. HP: 19/27 MP: 3/3
   641 | D:2      | Reached skill level 6 in Polearms
   846 | D:2      | Reached XP level 4. HP: 33/33 MP: 4/4
  1616 | D:2      | Noticed Natasha
  1623 | D:2      | Killed Natasha
  1624 | D:2      | Reached skill level 7 in Polearms
  1892 | D:3      | Found an ornate altar of the Wu Jian Council.
  1904 | D:3      | Found an opulent altar of Gozag.
  1919 | D:3      | Reached XP level 5. HP: 38/38 MP: 5/5
  2838 | D:4      | Noticed Sigmund
  2873 | D:4      | Killed Sigmund
  2874 | D:4      | Reached skill level 8 in Polearms
  2874 | D:4      | Reached XP level 6. HP: 8/44 MP: 6/6
  2878 | D:4      | Reached skill level 9 in Polearms
  3356 | D:4      | Noticed Menkaure
  3362 | D:4      | Killed Menkaure
  3655 | D:4      | Reached XP level 7. HP: 50/50 MP: 7/7
  3657 | D:4      | Reached skill level 10 in Polearms
  3718 | D:4      | Reached skill level 1 in Shields
  3744 | D:4      | Slain by an iguana

Illustrated notes

Levels and vault maps discovered:
D:1:      minmay_arrival_radiant_lines, layout_rooms,
          hellmonk_ecumenical_altar_heavens_door, serial_glass, glass_columns_a,
          glass_columns_c
D:2:      layout_basic, uniq_natasha
D:3:      layout_basic, amethyst_overflow_temple_binary, grunt_decor_arrowhead
D:4:      layout_basic, uniq_sigmund, uniq_menkaure

Skill      XL: |  1  2  3  4  5  6  7 |
---------------+----------------------+-----
Polearms       | 5 6 7 8 9 10 | 10.6
Shields        | 1 |  1.1
Fighting       | |  2.1
Throwing       | |  2.0
Dodging        | |  4.0

Action                   |  1- 3 |  4- 6 |  7- 9 || total
-------------------------+-------+-------+-------++-------
Melee: Trident           |    76 |   156 |    66 ||   298
       Punch             |       |     2 |       ||     2
Throw: Javelin           |     2 |       |       ||     2
       Dart              |     1 |     2 |       ||     3
  Use: Scroll            |     1 |     4 |       ||     5
Armor: Leather armour    |     5 |       |       ||     5
       Plate armour      |    12 |    74 |    31 ||   117
Dodge: Dodged            |    34 |    18 |    11 ||    63
Block: Other             |       |    15 |     8 ||    23

Table legend: (Time is in decaauts)
 A = Elapsed time spent in this place.
 B = Non-inter-level travel time spent in this place.
 C = Inter-level travel time spent in this place.
 D = Time resting spent in this place.
 E = Time spent auto-exploring this place.
 F = Levels seen in this place.
 G = Mean time per level.
                   A        B        C        D        E       F      G
               +--------+--------+--------+--------+--------+-----+--------+
         Total |   3715 |   3646 |     69 |    265 |   2842 |   4 |  928.8 |
       Dungeon |   3715 |   3646 |     69 |    265 |   2842 |   4 |  928.8 |
               +--------+--------+--------+--------+--------+-----+--------+

Top non-repeatable levels by time:
     D:2: 1189 daAuts
     D:3: 1126 daAuts
     D:4: 894 daAuts
     D:1: 505 daAuts
